 Dungeon Sprint DCSS version 0.20-a0-1089-g3fde505 (webtiles) character file.

1806 potatolord5000 the Fighter (level 8, 0/82 HPs)
             Began as a Minotaur Fighter on May 3, 2017.
             Was the Champion of Wu Jian.
             Slain by a shadow wraith (15 damage)
             ... in the Dungeon (Sprint VII: "The Pits").
             The game lasted 00:06:06 (662 turns).

potatolord5000 the Fighter (Minotaur Fighter)        Turns: 662, Time: 00:06:07

Health: 0/82       AC: 21    Str: 23    XL:     8   Next: 84%
Magic:  7/7        EV: 10    Int:  5    God:    Wu Jian [******]
Gold:   0          SH: 13    Dex: 13    Spells: 7/7 levels left

rFire    . . .     SeeInvis .   s - +1 broad axe (flame)
rCold    . . .     Gourm    .   c - +0 shield
rNeg     . . .     Faith    .   l - +3 plate armour
rPois    .         Spirit   .   (helmet restricted)
rElec    .         Reflect  .   (no cloak)
rCorr    .         Harm     .   (no gloves)
MR       .....     NoTele   +   (no boots)
Stlth    ..........             (no amulet)
Regen    0.3/turn               d - +3 ring of dexterity
MPRegen  0.1/turn               h - +3 ring of protection

@: no status effects
A: retaliatory headbutt, horns 2
a: Serpent's Lash, Heavenly Storm, Renounce Religion


You were in the Dungeon.
You worshipped Wu Jian.
Wu Jian was exalted by your worship.
You were not hungry.

You visited 1 branch

Inventory:

Hand Weapons
 s - a +1 broad axe of flaming (weapon)
Armour
 c - a +0 shield (worn)
 l - a +3 plate armour (worn)
Jewellery
 d - a +3 ring of dexterity (left hand)
 h - a +3 ring of protection (right hand)
Scrolls
 k - a scroll of blinking
 m - 3 scrolls of remove curse
 n - 5 scrolls of amnesia
 o - a scroll of summoning
Potions
 a - 2 potions of invisibility
 b - 9 potions of heal wounds
 e - 8 potions of curing
 i - 4 potions of magic
 j - 4 potions of berserk rage
 r - 2 potions of might
Comestibles
 f - 8 bread rations
 p - 40 fruits
 q - 7 meat rations


   Skills:
 + Level 11.5 Fighting
 + Level 11.1 Axes
 + Level 11.4 Armour
 - Level 8.5 Dodging
 + Level 11.3 Shields


You had 7 spell levels left.
You didn't know any spells.

Dungeon Overview and Level Annotations

Branches:
Dungeon (1/1)

Altars:
Ashenzari
Cheibriados
Dithmenos
Elyvilon
Fedhas
Gozag
Hepliaklqana
Kikubaaqudgha
Makhleb
Nemelex Xobeh
Okawaru
Qazlal
Ru
Sif Muna
Trog
Uskayaw
Vehumet
Wu Jian
Xom
Yredelemnul
Zin
The Shining One
Beogh
Jiyva
Lugonu


Innate Abilities, Weirdness & Mutations

You reflexively headbutt those who attack you in melee.
You have a pair of horns on your head.


Message History

You burn something. The komodo dragon bites you!
You block the small abomination's attack.
Something hits you but does no damage.
You hit the komodo dragon. You burn the komodo dragon.
The komodo dragon is moderately wounded.
You hit something. You burn something. You hit the small abomination.
You burn the small abomination. The small abomination hits you!
The komodo dragon bites you!
* * * LOW HITPOINT WARNING * * *
Something hits you!
* * * LOW HITPOINT WARNING * * *
You block the small abomination's attack.
The komodo dragon bites you but does no damage.
Unknown command.
Your plate armour prevents you from hitting the komodo dragon.
Your headbutt misses the komodo dragon.
The komodo dragon is moderately wounded.
You hit something. You burn something. You barely miss the small abomination.
Something hits you!
You die...

÷÷#))##.......##......+ +
).#[[##.......##......+ .+
÷##'###...<...##.....##..#
.....##.......##...###....
.....##.......##..##......
#######.......##''#...#..#
..#..###########.††.......
..#.############''#...#..#
..#.#....#..[[##@{##......
.##)#....#..[.##lx.###....
..#.'....'..))##.....# ..#
..#†#....#..))###.....+ .+
..†.#....#..))# ##...+ +
############### ####


You could see a komodo dragon and a small abomination.

Vanquished Creatures
  A black mamba (D)
  A hellwing (D)
  A jumping spider (D)
  A polar bear (D)
  A hippogriff (D)
  A wyvern (D)
  A warg (D)
  An acid dragon (D)
  A necrophage (D)
  A quasit (D)
  2 gnoll shamans (D)
  An iguana (D)
  A worker ant (D)
  6 gnolls (D)
  A river rat (D)
  An ufetubus (D)
  An ooze (D)
  An adder skeleton (D)
  A ball python (D)
  4 jackals (D)
  A bat (D)
  3 frilled lizards (D)
  2 rats (D)
35 creatures vanquished.

Notes
Turn   | Place    | Note
-------+----------+-------------------------------------------
     0 | D        | potatolord5000 the Minotaur Fighter began the quest for the Orb.
     0 | D        | Reached XP level 1. HP: 19/19 MP: 0/0
    52 | D        | Found a bloodstained altar of Trog.
    52 | D        | Found a deep blue altar of Sif Muna.
    52 | D        | Found a viscous altar of Jiyva.
    52 | D        | Found a hazy altar of Hepliaklqana.
    52 | D        | Found an opulent altar of Gozag.
    53 | D        | Found a glowing golden altar of the Shining One.
    53 | D        | Found a glowing silver altar of Zin.
    53 | D        | Found a basalt altar of Yredelemnul.
    53 | D        | Found a shimmering altar of Xom.
    53 | D        | Found an ornate altar of the Wu Jian Council.
    53 | D        | Found a sacrificial altar of Ru.
    53 | D        | Found a stormy altar of Qazlal.
    53 | D        | Found an iron altar of Okawaru.
    53 | D        | Found a sparkling altar of Nemelex Xobeh.
    53 | D        | Found a burning altar of Makhleb.
    53 | D        | Found a blossoming altar of Fedhas.
    53 | D        | Found a white marble altar of Elyvilon.
    53 | D        | Found a shadowy altar of Dithmenos.
    53 | D        | Found a snail-covered altar of Cheibriados.
    55 | D        | Found a radiant altar of Vehumet.
    55 | D        | Found a corrupted altar of Lugonu.
    55 | D        | Found a roughly hewn altar of Beogh.
    56 | D        | Found a hide-covered altar of Uskayaw.
    56 | D        | Found an ancient bone altar of Kikubaaqudgha.
    56 | D        | Found a shattered altar of Ashenzari.
    64 | D        | Became a worshipper of the Wu Jian Council
    84 | D        | Reached skill level 1 in Dodging
    86 | D        | Reached * piety under Wu Jian
    93 | D        | Noticed a worker ant
    95 | D        | Killed a worker ant
    95 | D        | Reached XP level 2. HP: 20/28 MP: 1/1
    98 | D        | Reached skill level 5 in Fighting
    98 | D        | Reached ** piety under Wu Jian
    98 | D        | Reached XP level 3. HP: 27/36 MP: 2/2
   106 | D        | Reached skill level 5 in Armour
   115 | D        | Reached skill level 5 in Shields
   116 | D        | Reached *** piety under Wu Jian
   119 | D        | Reached skill level 5 in Axes
   119 | D        | Reached XP level 4. HP: 19/44 MP: 3/3
   359 | D        | Noticed a warg
   378 | D        | Killed a warg
   378 | D        | Reached skill level 5 in Dodging
   378 | D        | Reached XP level 5. HP: 22/52 MP: 4/4
   379 | D        | Reached **** piety under Wu Jian
   399 | D        | Reached ***** piety under Wu Jian
   413 | D        | Reached XP level 6. HP: 32/61 MP: 5/5
   416 | D        | Noticed a polar bear
   420 | D        | Killed a polar bear
   429 | D        | Reached XP level 7. HP: 37/70 MP: 6/6
   444 | D        | Noticed a hellwing
   444 | D        | Noticed a hippogriff
   453 | D        | Killed a hippogriff
   453 | D        | Reached ****** piety under Wu Jian
   489 | D        | Killed a hellwing
   489 | D        | Reached skill level 10 in Fighting
   489 | D        | Reached skill level 10 in Armour
   489 | D        | Reached skill level 10 in Shields
   489 | D        | Reached XP level 8. HP: 55/79 MP: 7/7
   605 | D        | Noticed a jumping spider
   615 | D        | Reached skill level 10 in Axes
   631 | D        | Killed a jumping spider
   641 | D        | Noticed a black mamba
   647 | D        | Killed a black mamba
   655 | D        | Noticed a komodo dragon
   662 | D        | Slain by a shadow wraith

Vault maps used:
D:        pitsprint

Skill      XL: |  1  2  3  4  5  6  7  8 |
---------------+-------------------------+-----
Dodging        | 2 3 5 7 8 |  8.5
Fighting       | 4 5 6 7 9 10 11 | 11.5
Axes           | 4 5 6 7 8 9 11 | 11.1
Armour         | 4 5 7 8 10 11 | 11.4
Shields        | 4 5 7 8 10 11 | 11.3

Action                   |  1- 3 |  4- 6 |  7- 9 || total
-------------------------+-------+-------+-------++-------
Melee: Hand axe          |    24 |    29 |    42 ||    95
       Headbutt          |     4 |     6 |    16 ||    26
       War axe           |     1 |       |       ||     1
       Broad axe         |       |       |    31 ||    31
  Use: Potion            |     1 |     2 |     2 ||     5
Armor: Scale mail        |    13 |    10 |     6 ||    29
       Plate armour      |       |       |    23 ||    23
Dodge: Dodged            |    13 |     7 |    26 ||    46
Block: Shield            |    24 |    19 |    39 ||    82
